 Dungeon Crawl Stone Soup version 0.30-a0-374-g95c0257040 (webtiles) character file.

Game seed: 15663142255114553480

25 Elric the Magician (level 2, -3/19 (21) HPs)
             Began as a Demonspawn Hedge Wizard on Nov 25, 2022.
             Slain by an adder (4 damage)
             ... on level 2 of the Dungeon.
             The game lasted 00:03:09 (1555 turns).

Elric the Magician (Demonspawn Hedge Wizard)        Turns: 1555, Time: 00:03:10

HP:   -3/19 (21)    AC:  3    Str: 10    XL:     2   Next: 86%
MP:   3/6           EV: 12    Int: 15    God:
Gold: 78            SH:  0    Dex: 12    Spells: 2/7 levels left

rFire   . . .      SeeInvis .    a - +0 dagger
rCold   . . .      Faith    .    (no shield)
rNeg    . . .      Spirit   .    b - +0 robe
rPois   .          Reflect  .    c - +0 hat
rElec   .          Harm     .    (no cloak)
rCorr   .          Rampage  .    f - +0 pair of gloves
Will    .....                    (no boots)
Stlth   ++........               (no amulet)
HPRegen 0.23/turn                (no ring)
MPRegen 0.10/turn                (no ring)

@: very slightly contaminated, drained
A: powered by death 1
a: no special abilities


You were on level 2 of the Dungeon.
You visited 1 branch of the dungeon, and saw 2 of its levels.

You collected 78 gold pieces.

Inventory:

Hand Weapons
 a - a +0 dagger (weapon)
Armour
 b - a +0 robe (worn)
 c - a +0 hat (worn)
 f - a +0 pair of gloves (worn)
Scrolls
 d - a scroll of identify {unknown}
 g - a scroll of vulnerability {unknown}
 h - 2 scrolls of teleportation {unknown}
Potions
 e - a potion of flight


   Skills:
 + Level 1.2 Fighting
 - Level 0.1 Short Blades
 - Level 1.8 Dodging
 - Level 1.7 Stealth
 - Level 3.0 Spellcasting
 - Level 1.2 Conjurations
 - Level 1.2 Summonings
 + Level 0.4 Necromancy
 - Level 1.0 Translocations
 + Level 0.3 Air Magic
 + Level 0.4 Poison Magic


You had 2 spell levels left.
You knew the following spells:

 Your Spells              Type           Power      Damage    Failure   Level
a - Magic Dart            Conj           24%        1d4       12%         1
b - Call Imp              Summ           5%         N/A       19%         2
c - Cigotuvi's Dreadful   Necr/Pois/Air  6%         N/A       26%         2

Your spell library contained the following spells:

 Spells                   Type           Power      Damage    Failure   Level
 Slow                     Hex            8%         N/A       21%         1
 Blink                    Tloc           10%        N/A       21%         2
 Mephitic Cloud           Conj/Pois/Air  4%         N/A       41%         3
 Dispel Undead            Necr           3%         3d7       86%         4
 Death Channel            Necr           1%         N/A       100%        6


Dungeon Overview and Level Annotations

Branches:
Dungeon (2/15)

Altars:


Innate Abilities, Weirdness & Mutations

You regenerate a little health from kills.


Message History

The adder is lightly wounded.
The adder bites you.
You are poisoned.
The adder poisons you! The adder barely misses you.
You closely miss the adder.
The adder is lightly wounded.
You feel sick. The adder bites you but does no damage.
You barely miss the adder.
The adder is lightly wounded.
You feel sick. The adder barely misses you.
You miss the adder.
The adder is lightly wounded.
You feel sick. The adder bites you.
You closely miss the adder.
The adder is lightly wounded.
You feel sick. The adder misses you. The adder bites you.
You miss the adder.
The adder is lightly wounded.
You feel sick. The adder bites you but does no damage.
You hit the adder.
The adder is moderately wounded.
You feel sick.
You are no longer poisoned.
The adder bites you.
* * * LOW HITPOINT WARNING * * *
You closely miss the adder.
The adder is moderately wounded.
The adder bites you but does no damage. The adder bites you.
* * * LOW HITPOINT WARNING * * *
You barely miss the adder.
The adder is moderately wounded.
The adder barely misses you.
You closely miss the adder.
The adder is moderately wounded.
The adder bites you.
* * * LOW HITPOINT WARNING * * *
You hit the adder.
The adder is heavily wounded.
The adder bites you.
You die...

#.........##.....#
#.........###.####
#.............# .
#........###### ..
#........# ...
####........# ....
#..)........# .....
#...........######......
#...............@S......
#.........##########.###
#........## #........#
#........# #.....####
......# ######


You could see an adder.

Vanquished Creatures
  2 dart slugs (D:1)
  An endoplasm (D:1)
  2 giant cockroaches (D:1)
  2 hobgoblins (D:1)
  3 jackals (D:1)
  2 quokkas (D:1)
  A ball python (D:1)
  2 bats (D:1)
  A frilled lizard (D:1)
  2 goblins
  3 rats
21 creatures vanquished.

Notes
Turn   | Place    | Note
-------+----------+-------------------------------------------
     0 | D:1      | Elric the Demonspawn Hedge Wizard began the quest for the
                  | Orb.
     0 | D:1      | Reached XP level 1. HP: 13/13 MP: 4/4
   161 | D:1      | Reached skill level 1 in Translocations
   250 | D:1      | Gained mutation: You regenerate a little health from kills.
                  | [demonic ancestry]
   250 | D:1      | Reached XP level 2. HP: 7/20 MP: 0/6
   394 | D:1      | Reached skill level 1 in Fighting
   672 | D:1      | Learned a level 2 spell: Call Imp
   675 | D:1      | Learned a level 2 spell: Cigotuvi's Dreadful Rot
  1555 | D:2      | Slain by an adder

Illustrated notes

Levels and vault maps discovered:
D:1:      roderic_octagonal_star, layout_basic
D:2:      layout_basic, hellmonk_ecumenical_altar_zigzags,
          minmay_misc_feat_encased, kennysheep_big_empty_room

Skill      XL: |  1  2 |
---------------+-------+-----
Translocations | 1 |  1.0
Fighting       | 1 |  1.2
Short Blades   | |  0.1
Dodging        | |  1.8
Stealth        | |  1.7
Spellcasting   | |  3.0
Conjurations   | |  1.2
Summonings     | |  1.2
Necromancy     | |  0.4
Air Magic      | |  0.3
Poison Magic   | |  0.4

Action                   || total
-------------------------++-------
Melee: Dagger            ||    55
 Cast: Magic Dart        ||    47
       Cigotuvi's Dreadf ||     1
  Use: Potion            ||     2
Armor: Robe              ||    13
Dodge: Dodged            ||    60

Table legend: (Time is in decaauts)
 A = Elapsed time spent in this place.
 B = Non-inter-level travel time spent in this place.
 C = Inter-level travel time spent in this place.
 D = Time resting spent in this place.
 E = Time spent auto-exploring this place.
 F = Levels seen in this place.
 G = Mean time per level.
                   A        B        C        D        E       F      G
               +--------+--------+--------+--------+--------+-----+--------+
         Total |   1554 |   1513 |     41 |    139 |   1172 |   2 |  777.0 |
       Dungeon |   1554 |   1513 |     41 |    139 |   1172 |   2 |  777.0 |
               +--------+--------+--------+--------+--------+-----+--------+

Top non-repeatable levels by time:
     D:1: 1439 daAuts
     D:2: 115 daAuts
